SR
AMARILLO WARHEADS @ FRANKLIN FIRE
07/04/2041
 
TOP OF THE 1ST
Amarillo Warheads batting - Pitching for Franklin Fire : RHP Carlos Santos
Pitching: RHP Carlos Santos
Batting: RHB Bao-tian Tong 0-0: SINGLE (Groundball, 34, EV 107.5 MPH) (infield hit)
Batting: RHB Muralidhara Neena 0-0: Ball
1-0: Called Strike
1-1: Called Strike
1-2: Ball
2-2: Ball
3-2: Foul Ball, location: 2F
3-2: SINGLE (Groundball, 34D, EV 102.5 MPH)
Bao-tian Tong to second
Runner from 2nd tries for 3rd, OUT! 9-5
Batting: SHB Mario Roldán 0-0: Called Strike
0-1: Called Strike
0-2: Ball
1-2: Fielders Choice at 2nd, 3-6 (Groundball, 3S, EV 90.0 MPH)
Batting: RHB Yataro Nagai 0-0: Called Strike
0-1: Foul Ball, location: 2F
0-2: Strikes out looking
Top of the 1st over - 0 runs, 2 hits, 0 errors, 1 left on base; Amarillo 0 - Franklin 0
BOTTOM OF THE 1ST
Franklin Fire batting - Pitching for Amarillo Warheads : RHP Álex Alagna
Pitching: RHP Álex Alagna
Batting: LHB Felipe Tovar 0-0: Called Strike
0-1: DOUBLE (Line Drive, 89D, EV 110.6 MPH)
Batting: RHB Raúl Bermúdez 0-0: Ball
1-0: Ball
2-0: Foul Ball, location: 2F
2-1: SINGLE (Groundball, 56, EV 95.0 MPH)
Felipe Tovar to third
Batting: SHB Christopher Tracy 0-0: Called Strike
0-1: Ball
1-1: Ball
2-1: Ball
3-1: Base on Balls
Raúl Bermúdez to second
Batting: LHB Jorge Leyva 0-0: Ball
1-0: SINGLE (Flyball, 89M, EV 93.8 MPH)
Felipe Tovar scores
Raúl Bermúdez to third
Christopher Tracy to second
Batting: RHB Jacob James 0-0: Called Strike
0-1: Ball
1-1: Foul Ball, location: 2F
1-2: Ball
2-2: Foul Ball, location: 2F
2-2: Foul Ball, location: 2F
2-2: Ball
3-2: DOUBLE (Line Drive, 78D, EV 98.8 MPH)
Raúl Bermúdez scores
Christopher Tracy scores
Jorge Leyva to third
Batting: LHB Will Blalock 0-0: Foul Ball, location: 2F
0-1: Ball
1-1: SINGLE (Line Drive, 89M, EV 91.2 MPH)
Jorge Leyva scores
Jacob James to third
Batting: LHB Kenny Jones 0-0: Ball
1-0: Foul Ball, location: 2F
1-1: Ball
2-1: Fielders Choice at 2nd, 1-6 (Groundball, 13S, EV 66.2 MPH)
Batting: RHB Richard Fowler 0-0: Fly out, F8 (Flyball, 8RD, EV 94.4 MPH)
Runner from 3rd tags up, SCORES, throw by CF
Batting: LHB John Campbell 0-0: Ball
1-0: Ball
2-0: Ball
Kenny Jones steals 2nd base
3-0: Base on Balls
Batting: LHB Felipe Tovar 0-0: Ball
1-0: Called Strike
1-1: Called Strike
1-2: Hit by Pitch
Kenny Jones to third
John Campbell to second
Batting: RHB Raúl Bermúdez 0-0: Ball
1-0: Foul Ball, location: 2F
1-1: Foul Ball, location: 2F
1-2: Ball
2-2: Foul Ball, location: 2F
2-2: Fly out, F4 (Popup, 13, EV 85.0 MPH)
Bottom of the 1st over - 5 runs, 5 hits, 0 errors, 3 left on base; Amarillo 0 - Franklin 5
TOP OF THE 2ND
Amarillo Warheads batting - Pitching for Franklin Fire : RHP Carlos Santos
Batting: RHB Getoff Mylawn 0-0: Reached on error, E6 (Groundball, 56, EV 108.1 MPH)
Batting: LHB Michael Carlton 0-0: Fielders Choice at 2nd, 4-6 (Groundball, 34, EV 111.2 MPH)
Batting: RHB Indergabriell Marifosque 0-0: Reached on error, E6 (Groundball, 6, EV 85.6 MPH)
Michael Carlton to second
Batting: RHB Ron Burnett 0-0: Fly out, F8 (Flyball, 78M, EV 83.8 MPH)
Batting: RHB Anthony Bonham 0-0: Called Strike
0-1: Foul Ball, location: 2F
0-2: Strikes out swinging
Top of the 2nd over - 0 runs, 0 hits, 2 errors, 2 left on base; Amarillo 0 - Franklin 5
BOTTOM OF THE 2ND
Franklin Fire batting - Pitching for Amarillo Warheads : RHP Álex Alagna
Batting: SHB Christopher Tracy 0-0: Swinging Strike
0-1: Ball
1-1: Fly out, F7 (Flyball, 7LDF, EV 112.5 MPH)
Batting: LHB Jorge Leyva 0-0: Ball
1-0: Ball
2-0: Called Strike
2-1: Called Strike
2-2: Foul Ball, location: 2F
2-2: Strikes out swinging
Batting: RHB Jacob James 0-0: Called Strike
0-1: Ground out 4-3 (Groundball, 4, EV 87.5 MPH)
Bottom of the 2nd over - 0 runs, 0 hits, 0 errors, 0 left on base; Amarillo 0 - Franklin 5
TOP OF THE 3RD
Amarillo Warheads batting - Pitching for Franklin Fire : RHP Carlos Santos
Batting: RHB Bao-tian Tong 0-0: Ball
1-0: SINGLE (Groundball, 34D, EV 100.0 MPH)
Batting: RHB Muralidhara Neena 0-0: Called Strike
0-1: Ball
1-1: SINGLE (Line Drive, 7S, EV 87.5 MPH)
Bao-tian Tong to second
Batting: SHB Mario Roldán 0-0: Swinging Strike
0-1: Ball
1-1: Ball
2-1: Fielders Choice at 2nd, 6-4 (Groundball, 6, EV 81.2 MPH)
Bao-tian Tong to third
Batting: RHB Yataro Nagai 0-0: Ball
1-0: Grounds into double play, 6-4-3 (Groundball, 6, EV 84.4 MPH)
Top of the 3rd over - 0 runs, 2 hits, 0 errors, 1 left on base; Amarillo 0 - Franklin 5
BOTTOM OF THE 3RD
Franklin Fire batting - Pitching for Amarillo Warheads : RHP Álex Alagna
Batting: LHB Will Blalock 0-0: Ball
1-0: Foul Ball, location: 2F
1-1: Foul Ball, location: 2F
1-2: SINGLE (Groundball, 34D, EV 102.5 MPH)
Batting: LHB Kenny Jones 0-0: Foul Ball, location: 2F
0-1: Ball
1-1: Fly out, F7 (Line Drive, 7, EV 85.0 MPH)
Batting: RHB Richard Fowler 0-0: Foul Ball, location: 2F
0-1: Fielders Choice at 2nd, 6-4 (Groundball, 6, EV 78.8 MPH)
Batting: LHB John Campbell 0-0: Ball
Richard Fowler steals 2nd base
1-0: Ball
2-0: Called Strike
2-1: Foul Ball, location: 2F
2-2: Ball
3-2: Base on Balls
Batting: LHB Felipe Tovar 0-0: Swinging Strike
0-1: Foul Ball, location: 2F
0-2: Ball
1-2: Ball
2-2: SINGLE (Line Drive, 78S, EV 103.8 MPH)
Richard Fowler to third
John Campbell to second
Batting: RHB Raúl Bermúdez 0-0: Ball
1-0: Ball
2-0: Foul Ball, location: 2F
2-1: DOUBLE (Groundball, 5L, EV 105.6 MPH)
Richard Fowler scores
John Campbell scores
Felipe Tovar to third
Runner from 3rd tries for Home, SAFE, throw by LF to home
Pitching: RHP Jack Geake
Batting: SHB Christopher Tracy 0-0: Swinging Strike
0-1: Called Strike
0-2: Strikes out looking
Bottom of the 3rd over - 3 runs, 3 hits, 0 errors, 1 left on base; Amarillo 0 - Franklin 8
TOP OF THE 4TH
Amarillo Warheads batting - Pitching for Franklin Fire : RHP Carlos Santos
Batting: RHB Getoff Mylawn 0-0: Ball
1-0: Called Strike
1-1: Swinging Strike
1-2: Ball
2-2: Fly out, F4 (Popup, 4D, EV 55.6 MPH)
Batting: LHB Michael Carlton 0-0: Foul Ball, location: 2F
0-1: Called Strike
0-2: Ball
1-2: Foul Ball, location: 2F
1-2: Strikes out swinging, 2-3 out at first.
Batting: RHB Indergabriell Marifosque 0-0: Called Strike
0-1: Ball
1-1: Foul Ball, location: 2F
1-2: Foul Ball, location: 2F
1-2: Ground out U3 (Groundball, 34, EV 78.8 MPH)
Top of the 4th over - 0 runs, 0 hits, 0 errors, 0 left on base; Amarillo 0 - Franklin 8
BOTTOM OF THE 4TH
Franklin Fire batting - Pitching for Amarillo Warheads : RHP Jack Geake
Batting: LHB Jorge Leyva 0-0: SINGLE (Line Drive, 89M, EV 104.4 MPH)
Batting: RHB Jacob James 0-0: Ball
Wild Pitch!
Jorge Leyva to second
1-0: Foul Ball, location: 2F
1-1: Swinging Strike
1-2: Ball
2-2: Ball
3-2: SINGLE (Groundball, 25, EV 68.1 MPH) (infield hit)
Jorge Leyva to third
Batting: LHB Will Blalock 0-0: Ball
1-0: Fly out, F7 (Flyball, 78S, EV 83.1 MPH)
Batting: LHB Kenny Jones 0-0: Foul Ball, location: 2F
0-1: Foul Ball, location: 2F
0-2: Strikes out swinging
Batting: RHB Richard Fowler 0-0: Ball
1-0: Ball
2-0: Ball
3-0: Base on Balls
Jacob James to second
Batting: LHB John Campbell 0-0: Ball
1-0: Ball
2-0: Called Strike
2-1: Foul Ball, location: 2F
2-2: Foul Ball, location: 2F
2-2: Ball
3-2: SINGLE (Groundball, 34D, EV 107.5 MPH)
Jorge Leyva scores
Jacob James to third
Richard Fowler to second
Jacob James scores
Richard Fowler to third
Batting: LHB Felipe Tovar 0-0: Ball
1-0: DOUBLE (Flyball, 78D, EV 93.8 MPH)
Richard Fowler scores
John Campbell to third
Batting: RHB Raúl Bermúdez 0-0: Called Strike
0-1: Fly out, F8 (Flyball, 8LS, EV 88.8 MPH)
Bottom of the 4th over - 3 runs, 4 hits, 0 errors, 2 left on base; Amarillo 0 - Franklin 11
TOP OF THE 5TH
Amarillo Warheads batting - Pitching for Franklin Fire : RHP Carlos Santos
Batting: RHB Ron Burnett 0-0: Ground out 6-3 (Groundball, 6, EV 88.1 MPH)
Batting: RHB Anthony Bonham 0-0: Ball
1-0: Ground out 6-3 (Groundball, 56, EV 93.8 MPH)
Batting: RHB Bao-tian Tong 0-0: Ball
1-0: Called Strike
1-1: Foul Ball, location: 2F
1-2: Strikes out looking
Top of the 5th over - 0 runs, 0 hits, 0 errors, 0 left on base; Amarillo 0 - Franklin 11
BOTTOM OF THE 5TH
Franklin Fire batting - Pitching for Amarillo Warheads : RHP Jack Geake
Batting: SHB Christopher Tracy 0-0: Called Strike
0-1: Fly out, F7 (Flyball, 78M, EV 88.1 MPH)
Batting: LHB Jorge Leyva 0-0: Ball
1-0: Foul Ball, location: 2F
1-1: Foul Ball, location: 2F
1-2: Foul Ball, location: 2F
1-2: Ball
2-2: Ground out 4-3 (Groundball, 4, EV 87.5 MPH)
Batting: RHB Jacob James 0-0: Ball
1-0: Ground out 6-3 (Groundball, 6, EV 91.2 MPH)
Bottom of the 5th over - 0 runs, 0 hits, 0 errors, 0 left on base; Amarillo 0 - Franklin 11
TOP OF THE 6TH
Amarillo Warheads batting - Pitching for Franklin Fire : RHP Carlos Santos
Batting: RHB Muralidhara Neena 0-0: Called Strike
0-1: Swinging Strike
0-2: Ball
1-2: Foul Ball, location: 2F
1-2: Strikes out swinging
Batting: SHB Mario Roldán 0-0: Ball
1-0: Called Strike
1-1: Swinging Strike
1-2: Ball
2-2: SINGLE (Line Drive, 6MD, EV 105.6 MPH)
Batting: RHB Yataro Nagai 0-0: Ball
1-0: Fly out, F7 (Flyball, 7S, EV 92.5 MPH)
Batting: RHB Getoff Mylawn 0-0: Called Strike
0-1: Hit by Pitch
Mario Roldán to second
Batting: LHB Michael Carlton 0-0: Ball
1-0: Swinging Strike
1-1: Fly out, F6 (Popup, 6M, EV 49.4 MPH)
Top of the 6th over - 0 runs, 1 hit, 0 errors, 2 left on base; Amarillo 0 - Franklin 11
BOTTOM OF THE 6TH
Franklin Fire batting - Pitching for Amarillo Warheads : RHP Jack Geake
Batting: LHB Will Blalock 0-0: Ball
1-0: Foul Ball, location: 2F
1-1: Ball
2-1: Ball
3-1: Base on Balls
Batting: LHB Kenny Jones 0-0: Foul Ball, location: 2F
0-1: Ball
1-1: Ball
2-1: Called Strike
2-2: Strikes out swinging
Batting: RHB Richard Fowler 0-0: Called Strike
0-1: Swinging Strike
0-2: Strikes out swinging
Batting: LHB John Campbell 0-0: Called Strike
0-1: Swinging Strike
0-2: SINGLE (Flyball, 78M, EV 94.4 MPH)
Will Blalock to second
Batting: LHB Felipe Tovar 0-0: SINGLE (Groundball, 56D, EV 100.6 MPH)
Will Blalock to third
John Campbell to second
Runner from 3rd tries for Home, SAFE, throw by LF to home
Batting: RHB Raúl Bermúdez 0-0: Fly out, F4 (Popup, 4M, EV 80.0 MPH)
Bottom of the 6th over - 1 run, 2 hits, 0 errors, 2 left on base; Amarillo 0 - Franklin 12
TOP OF THE 7TH
Amarillo Warheads batting - Pitching for Franklin Fire : RHP Carlos Santos
Pinch Hitting: RHB Cristián González 0-0: Ball
1-0: Ground out 6-3 (Groundball, 56, EV 102.5 MPH)
Batting: RHB Ron Burnett 0-0: Called Strike
0-1: Called Strike
0-2: Ball
1-2: Strikes out looking
Batting: RHB Anthony Bonham 0-0: Called Strike
0-1: Ball
1-1: Swinging Strike
1-2: Strikes out looking
Top of the 7th over - 0 runs, 0 hits, 0 errors, 0 left on base; Amarillo 0 - Franklin 12
BOTTOM OF THE 7TH
Franklin Fire batting - Pitching for Amarillo Warheads : RHP Jack Geake
Now at 2B: Cristián González
Batting: SHB Christopher Tracy 0-0: Foul Ball, location: 2F
0-1: Ball
1-1: Foul Ball, location: 2F
1-2: Ball
2-2: Ground out 6-3 (Groundball, 56, EV 83.8 MPH)
Batting: LHB Jorge Leyva 0-0: Ball
1-0: Called Strike
1-1: Ball
2-1: Swinging Strike
2-2: Ball
3-2: Fly out, F7 (Flyball, 7S, EV 75.0 MPH)
Pinch Hitting: RHB Wu-ji Shang 0-0: Ball
1-0: Called Strike
1-1: Ball
2-1: Called Strike
2-2: Fly out, F8 (Line Drive, 8LD, EV 106.2 MPH)
Bottom of the 7th over - 0 runs, 0 hits, 0 errors, 0 left on base; Amarillo 0 - Franklin 12
TOP OF THE 8TH
Amarillo Warheads batting - Pitching for Franklin Fire : RHP Carlos Santos
Now in CF: Wu-ji Shang
Batting: RHB Bao-tian Tong 0-0: Foul Ball, location: 2F
0-1: Swinging Strike
0-2: Ball
1-2: Foul Ball, location: 2F
1-2: Strikes out swinging
Batting: RHB Muralidhara Neena 0-0: Fly out, F8 (Flyball, 8RXD, EV 101.2 MPH)
Pinch Hitting: RHB Leland Sigurdson 0-0: Ball
1-0: Ball
2-0: Swinging Strike
2-1: SINGLE (Groundball, 4MD, EV 103.1 MPH)
Batting: RHB Yataro Nagai 0-0: Fielders Choice at 2nd, U4 (Groundball, 4M, EV 86.2 MPH)
Top of the 8th over - 0 runs, 1 hit, 0 errors, 1 left on base; Amarillo 0 - Franklin 12
BOTTOM OF THE 8TH
Franklin Fire batting - Pitching for Amarillo Warheads : RHP Jack Geake
Now at 1B: Leland Sigurdson
Pinch Hitting: LHB Ernie Knight 0-0: Ball
1-0: Swinging Strike
1-1: Called Strike
1-2: SINGLE (Groundball, 34D, EV 103.8 MPH)
Pitching: RHP Tom Stewart
Batting: LHB Kenny Jones 0-0: Called Strike
0-1: Called Strike
0-2: Ball
1-2: Fly out, F9 (Flyball, 9S, EV 86.2 MPH)
Batting: RHB Richard Fowler 0-0: Called Strike
0-1: Ball
1-1: Ball
2-1: Ball
3-1: Swinging Strike
3-2: Base on Balls
Ernie Knight to second
Batting: LHB John Campbell 0-0: Ball
1-0: Swinging Strike
1-1: Foul Ball, location: 2F
1-2: Ball
2-2: Strikes out swinging
Pinch Hitting: RHB Josh Doss 0-0: Called Strike
0-1: Foul Ball, location: 2F
0-2: Fly out, F8 (Flyball, 8RM, EV 92.5 MPH)
Bottom of the 8th over - 0 runs, 1 hit, 0 errors, 2 left on base; Amarillo 0 - Franklin 12
TOP OF THE 9TH
Amarillo Warheads batting - Pitching for Franklin Fire : RHP Carlos Santos
Now at SS: Josh Doss
Now in RF: Ernie Knight
Batting: RHB Getoff Mylawn 0-0: Called Strike
0-1: Ball
1-1: Foul Ball, location: 2F
1-2: SINGLE (Flyball, 7S, EV 81.2 MPH)
Batting: LHB Michael Carlton 0-0: Ball
1-0: Ball
2-0: Ball
3-0: Called Strike
3-1: Foul Ball, location: 2F
3-2: Fielders Choice at 2nd, 4-6 (Groundball, 4M, EV 101.9 MPH)
Batting: RHB Cristián González 0-0: Foul Ball, location: 2F
0-1: Fly out, F5 (Line Drive, 5, EV 65.6 MPH)
Batting: RHB Ron Burnett 0-0: Swinging Strike
0-1: Ground out 5-3 (Groundball, 56S, EV 83.8 MPH)
Top of the 9th over - 0 runs, 1 hit, 0 errors, 1 left on base; Amarillo 0 - Franklin 12
Tuesday, January 5th, 2021 - OOTP Baseball 20.8 Build 74